 Dungeon Crawl Stone Soup version 0.27.1-4-g1640c2035a (webtiles) character file.

Game seed: 14041338439256435760

4175 Stomo444 the Fighter (level 10, -4/91 HPs)
             Began as a Minotaur Berserker on Nov 12, 2021.
             Was an Elder of Trog.
             Slain by a skeletal warrior (10 damage)
             ... led by a skeletal warrior
             ... on level 6 of the Dungeon.
             The game lasted 00:09:26 (7314 turns).

Stomo444 the Fighter (Minotaur Berserker)           Turns: 7314, Time: 00:09:27

Health: -4/91      AC:  7    Str: 26    XL:     10   Next: 8%
Magic:  0/9        EV: 14    Int:  4    God:    Trog [****..]
Gold:   249        SH:  0    Dex:  9    Spells: 9/9 levels left

rFire    . . .     SeeInvis .   z - +2 whip (flame)
rCold    . . .     Faith    .   (no shield)
rNeg     . . .     Spirit   +   w - +0 steam dragon scales
rPois    .         Reflect  .   (helmet restricted)
rElec    .         Harm     .   (no cloak)
rCorr    .         Rampage  .   (no gloves)
Will     .....                  (no boots)
Stlth    +.........             g - amulet of guardian spirit
HPRegen  0.25/turn              (no ring)
MPRegen  0.11/turn              (no ring)

@: on berserk cooldown, very slightly contaminated, slowed, invisible, very slow
A: horns 2, retaliatory headbutt
a: Renounce Religion, Berserk, Trog's Hand, Brothers in Arms


You were on level 6 of the Dungeon.
You worshipped Trog.
Trog was greatly pleased with you.
You visited 1 branch of the dungeon, and saw 6 of its levels.
You also visited: Sewer.

You collected 249 gold pieces.

Inventory:

Hand Weapons
 a - a +0 mace
 r - a +0 flail
 z - a +2 whip of flaming (weapon)
Missiles
 y - 2 throwing nets (quivered)
Armour
 b - a +0 animal skin
 h - a +0 chain mail
 w - +0 steam dragon scales (worn)
Jewellery
 g - an amulet of guardian spirit (around neck)
 s - an amulet of faith
 C - an amulet of magic regeneration
Wands
 i - a wand of acid (8)
 p - a wand of polymorph (16)
Scrolls
 c - 2 scrolls of blinking {unknown}
 e - 2 scrolls of brand weapon {unknown}
 l - 4 scrolls of teleportation {unknown}
 m - a scroll of immolation {unknown}
 o - 7 scrolls of identify {unknown}
 q - 4 scrolls of amnesia {unknown}
 t - 2 scrolls of noise {unknown}
 u - a scroll of enchant armour {unknown}
Potions
 f - 2 potions of might {unknown}
 j - 3 potions of haste {unknown}
 k - 2 potions of lignification {unknown}
 n - a potion of mutation {unknown}
 v - a potion of degeneration {unknown}
 x - a potion of berserk rage {unknown}
 A - 2 potions of curing
 B - 2 potions of flight


   Skills:
 + Level 9.5 Fighting
 + Level 9.5 Maces & Flails
 + Level 9.1 Armour
 + Level 8.3 Dodging


You had 9 spell levels left.
You didn't know any spells.
Your spell library contained the following spells:

 Spells                   Type           Power      Damage    Failure   Level
 Corona                   Hex            0%         N/A       50%         1
 Sting                    Tmut/Pois      0%         1d3       50%         1
 Ensorcelled Hibernation  Hex/Ice        0%         N/A       65%         2
 Poisonous Vapours        Pois/Air       0%         N/A       65%         2
 Tukima's Dance           Hex            0%         N/A       86%         3
 Olgreb's Toxic Radiance  Pois           0%         N/A       99%         4


Dungeon Overview and Level Annotations

Branches:
Dungeon (7/15)             Temple (0/1) D:7           Sewer (visited)

Altars:
Makhleb
Sif Muna
Uskayaw
Wu Jian
Zin

Shops:
D:7 *(


Innate Abilities, Weirdness & Mutations

You have a pair of horns on your head.
You reflexively headbutt those who attack you in melee.


Message History

The skeletal warrior is severely damaged.
The skeletal warrior hits you with a +0 dire flail!
* * * LOW HITPOINT WARNING * * *
You hit the skeletal warrior. You burn the skeletal warrior.
The skeletal warrior is severely damaged.
You closely miss the skeletal warrior.
The skeletal warrior is severely damaged.
You are too berserk!
Unknown command.
You whack the skeletal warrior! You burn the skeletal warrior!
You destroy the skeletal warrior!
Trog accepts your kill.
Your Armour skill increases to level 9!
You have reached level 10!
You feel a strong urge to attack something.
You are too berserk!
You feel your anger nearly subside.
You are no longer berserk.
You are exhausted.
You feel yourself slow down.
It was a potion of invisibility.
You fade into invisibility!
The skeletal warrior barely misses you.
You are very lightly contaminated with residual magic.
The skeletal warrior hits you with a +0 battleaxe!
* * * LOW HITPOINT WARNING * * *
Found 14 gold pieces.
The skeletal warrior completely misses you.
You furiously retaliate!
You headbutt the skeletal warrior, but do no damage.
The skeletal warrior completely misses you.
You furiously retaliate!
You headbutt the skeletal warrior, but do no damage.
The skeletal warrior barely misses you.
The skeletal warrior completely misses you.
You furiously retaliate!
You headbutt the skeletal warrior, but do no damage.
The skeletal warrior hits you with a +0 battleaxe!
* * * LOW HITPOINT WARNING * * *
The skeletal warrior hits you with a +0 battleaxe!
You die...

.....##..# #.#.#.#
.....##..### #.#.#.###
...........###.#.#.#.##
.......................
....#................# .
[...[##............# .
.....#.#..........#.#... #
......#.##.....z##.#...# #
#......##.#....#@# ....#. #
.......#.#.#..#.#.#.......
#
#.......#.##..##.#.....#.#
##
#)#......##....##........##
#.
#.#.......................
#.
#......................#.#
#.# #.
.........##....##).....#.#
#.#+#.
#.#.....#.##..##)#.......#
#.....
#.#....#.#.#..#.#.#...[#.#
#.....


You could see a skeletal warrior.

Vanquished Creatures
  3 skeletal warriors (D:6)
  A komodo dragon (D:7)
  Sigmund (D:6)
  2 steam dragons (D:7)
  An orc warrior (D:6)
  A sky beast (D:4)
  A hornet zombie (D:7)
  A black bear (D:6)
  An ogre (D:7)
  A centaur (D:6)
  A kobold brigand (Sewer)
  2 bullfrogs (D:7)
  A gnoll sergeant (D:4)
  2 scorpions
  4 wights (D:6)
  An electric eel (D:6)
  2 centaur zombies
  An orc priest (D:4)
  A bullfrog skeleton (D:7)
  6 hounds
  2 gnoll shamans
  An iguana (D:6)
  An orc wizard (D:6)
  A hound skeleton (D:4)
  24 gnolls
  2 river rats (Sewer)
  7 adders
  A white imp (D:7)
  An ufetubus (D:6)
  3 worms
  4 dart slugs
  8 orcs
  9 ball pythons
  6 endoplasms
  4 giant cockroaches
  5 goblins
  3 hobgoblins
  6 jackals
  13 kobolds
  3 quokkas
  3 bats
  4 frilled lizards
  7 rats
152 creatures vanquished.

Notes
Turn   | Place    | Note
-------+----------+-------------------------------------------
     0 | D:1      | Stomo444 the Minotaur Berserker began the quest for the
                  | Orb.
     0 | D:1      | Reached XP level 1. HP: 19/19 MP: 0/0
   269 | D:1      | Reached XP level 2. HP: 27/27 MP: 1/1
   738 | D:1      | Reached XP level 3. HP: 10/33 MP: 0/2
  1522 | D:2      | Reached ** piety under Trog
  1616 | D:2      | Found a faded altar of an unknown god.
  1737 | D:2      | Reached XP level 4. HP: 41/41 MP: 3/3
  2360 | D:3      | Noticed a scorpion
  2370 | D:3      | Killed a scorpion
  2371 | D:3      | Reached XP level 5. HP: 42/47 MP: 1/4
  2797 | D:3      | Found an ornate altar of the Wu Jian Council.
  2975 | D:3      | Found a shimmering blue altar of Sif Muna.
  2975 | D:3      | Found a burning altar of Makhleb.
  2975 | D:3      | Found a glowing silver altar of Zin.
  3250 | D:4      | Reached skill level 5 in Fighting
  3250 | D:4      | Reached skill level 5 in Maces & Flails
  3348 | D:4      | Reached XP level 6. HP: 56/56 MP: 3/5
  3471 | D:4      | Reached *** piety under Trog
  3570 | D:4      | Noticed a sky beast
  3588 | D:4      | Killed a sky beast
  4169 | D:4      | Reached skill level 5 in Armour
  4169 | D:4      | Reached XP level 7. HP: 40/62 MP: 4/6
  4353 | D:4      | You fall into a shaft and drop 3 floors!
  4515 | D:7      | Reached skill level 5 in Dodging
  4640 | D:7      | Found a staircase to the Ecumenical Temple.
  4654 | D:7      | Noticed a steam dragon
  4655 | D:7      | Found Tadgha's Antique Weapon Boutique.
  4693 | D:7      | Killed a steam dragon
  4694 | D:7      | Reached XP level 8. HP: 49/71 MP: 4/7
  5391 | D:7      | Noticed a komodo dragon
  5400 | D:7      | Killed a komodo dragon
  5672 | D:7      | Found Mavegac's Lightly-Used Armoury.
  5711 | D:6      | Reached **** piety under Trog
  5747 | D:6      | Found a glowing drain.
  5770 | Sewer    | Entered a sewer
  5879 | Sewer    | Found a white marble altar of Elyvilon.
  5986 | D:6      | Reached XP level 9. HP: 16/81 MP: 0/8
  6412 | D:6      | Found a hide-covered altar of Uskayaw.
  6639 | D:6      | Noticed Sigmund
  6674 | D:6      | Killed Sigmund
  7001 | D:6      | Noticed a skeletal warrior
  7002 | D:6      | Noticed a skeletal warrior
  7019 | D:6      | Killed a skeletal warrior
  7030 | D:6      | Killed a skeletal warrior
  7275 | D:6      | Noticed a skeletal warrior
  7291 | D:6      | Noticed a skeletal warrior
  7296 | D:6      | Killed a skeletal warrior
  7297 | D:6      | Reached XP level 10. HP: 22/91 MP: 3/9
  7314 | D:6      | Slain by a skeletal warrior

Illustrated notes

Levels and vault maps discovered:
D:1:      minmay_arrival_stair_chambers, layout_basic
D:2:      layout_basic, hellmonk_ecumenical_altar_zigzags,
          chequers_serial_rivers_marsh, kennysheep_generic_room_6
D:3:      layout_rooms, gammafunk_temple_overflow_claw,
          nicolae_wu_jian_wuxing_cycle, serial_aquarium,
          aquarium_bridge_long_joined [aquarium_subvault_bridge,
          aquarium_subvault_wall, aquarium_subvault_bridge,
          aquarium_subvault_wall, aquarium_subvault_bridge,
          aquarium_subvault_window], aquarium_bridge_square
          [aquarium_subvault_wall, aquarium_subvault_wall,
          aquarium_subvault_window, aquarium_subvault_bridge],
          aquarium_window_fake, aquarium_window_fake, aquarium_view_4,
          aquarium_balcony_double_3
D:4:      layout_loops_corners, corexii_leaking_fountain
D:6:      layout_basic, mainiacjoe_overflow_surrounded_room,
          nicolae_overflow_crystal_walls, gammafunk_temple_overflow_statue,
          cheibrodos_sewer_entry_drain, grunt_ministairs_4,
          minmay_misc_feat_secret_circle, kennysheep_dice, uniq_pikel,
          uniq_sigmund
D:7:      layout_basic, minmay_temple_entry_stoned_glass, enter_ossuary_2,
          st_stairs_2, grunt_ogre_cave, minmay_shop_damaged,
          grunt_ministairs_10, nicolae_stop_n_shop_1, minmay_increasing_density

Skill      XL: |  1  2  3  4  5  6  7  8  9 |
---------------+----------------------------+-----
Fighting       | 4 5 6 7 9 |  9.5
Maces & Flails | 4 5 6 7 9 |  9.5
Armour         | 3 4 5 6 7 9 |  9.1
Dodging        | 3 4 5 6 8 |  8.3

Action                   |  1- 3 |  4- 6 |  7- 9 | 10-12 || total
-------------------------+-------+-------+-------+-------++-------
Melee: Mace              |    70 |    37 |       |       ||   107
       Headbutt          |    11 |    21 |    55 |       ||    87
       Flail             |       |   103 |   129 |       ||   232
       Whip              |       |       |    89 |       ||    89
Invok: Berserk           |     1 |     2 |     7 |       ||    10
  Use: Potion            |       |       |       |     1 ||     1
Armor: Animal skin       |     5 |       |       |       ||     5
       Chain mail        |    14 |    79 |    35 |       ||   128
       Steam dragon scal |       |       |    26 |       ||    26
Dodge: Dodged            |    43 |    61 |   103 |     5 ||   212
